 Dungeon Crawl Stone Soup version 0.25.0-26-g0c896c7088 (webtiles) character file.

Game seed: 2294619629396554835

3139 MisterFreud the Martial Artist (level 9, -1/69 HPs)
             Began as a Demonspawn Abyssal Knight on July 5, 2020.
             Was an Elder of Lugonu.
             Slain by an unseen horror (8 damage)
             ... on level 8 of the Dungeon.
             The game lasted 00:14:53 (9278 turns).

MisterFreud the Martial Artist (DsAK)               Turns: 9278, Time: 00:14:54

Health: -1/69      AC: 21    Str: 12    XL:     9   Next: 61%
Magic:  19/19      EV: 13    Int: 17    God:    Lugonu [****..]
Gold:   358        SH:  5    Dex: 19    Spells: 8/8 levels left

rFire    . . .     SeeInvis .     - Unarmed
rCold    + + .     Gourm    .   u - +0 buckler
rNeg     . . .     Faith    .   d - +10 ring mail "Arimesul" {rPois Regen+ MP+9}
rPois    +         Spirit   .   o - +1 helmet
rElec    .         Reflect  .   q - +0 cloak
rCorr    .         Harm     .   (no gloves)
MR       .....                  (no boots)
Stlth    +.........             (no amulet)
HPRegen  0.61/turn              n - ring of protection from cold
MPRegen  0.16/turn              H - +6 ring of dexterity

@: no status effects
A: talons 2, slimy green scales 1, cold resistance 1, powered by pain 1,
freezing cloud immunity
a: Depart the Abyss, Bend Space, Banish, Corrupt, Renounce Religion


You were on level 8 of the Dungeon.
You worshipped Lugonu.
Lugonu was greatly pleased with you.
You were hungry.

You visited 2 branches of the dungeon, and saw 9 of its levels.
You visited the Abyss 1 time.

You collected 358 gold pieces.

Inventory:

Missiles
 j - 4 boomerangs of dispersal
 w - 47 poisoned darts
 x - 13 boomerangs (quivered)
 z - 3 javelins
Armour
 d - the +10 ring mail "Arimesul" (worn) {rPois Regen+ MP+9}
   (You found it on level 7 of the Dungeon)

   It protects you from poison.
   It affects your magic capacity (+9).
   It increases your rate of regeneration.
 o - a +1 helmet (worn)
 q - a +0 cloak (worn)
 u - a +0 buckler (worn)
Jewellery
 l - a cursed amulet of magic regeneration
 n - a ring of protection from cold (left hand)
 G - an uncursed ring of ice
 H - a +6 ring of dexterity (right hand)
Wands
 p - a wand of polymorph (12)
 s - a wand of flame (27)
 y - a wand of enslavement (7)
Scrolls
 e - 3 scrolls of identify
 f - 4 scrolls of teleportation
 g - a scroll of fog
 i - 3 scrolls of amnesia
 m - 2 scrolls of magic mapping {unknown}
 r - 2 scrolls of remove curse
 v - a scroll of noise {unknown}
 D - a scroll of enchant weapon
 E - a scroll of blinking {unknown}
 F - a scroll of enchant armour
Potions
 c - a potion of curing
 h - a potion of brilliance
 k - a potion of magic
 t - a potion of might
 A - a potion of flight
 B - a potion of heal wounds
 C - 2 potions of haste
Comestibles
 b - 19 rations


   Skills:
 - Level 6.0 Fighting
 - Level 4.0 Armour
 - Level 4.0 Dodging
 + Level 3.8 Shields
 + Level 9.4 Unarmed Combat
 - Level 2.4 Invocations


You had 8 spell levels left.
You didn't know any spells.
Your spell library was empty.

Dungeon Overview and Level Annotations

Branches:
Dungeon (8/15)             Temple (1/1) D:7
   Lair: D:8-11

Altars:
Cheibriados
Dithmenos
Fedhas
Okawaru
Ru
Wu Jian
Xom
The Shining One


Innate Abilities, Weirdness & Mutations

You have razor-sharp toenails.
You are partially covered in slimy green scales. (AC +2)
Your flesh is cold resistant. (rC+)
You sometimes gain a little power by taking damage.
You are immune to freezing clouds.


Message History

* * * LOW HITPOINT WARNING * * *
Something hits you.
* * * LOW HITPOINT WARNING * * *
Something hits you but does no damage. Something hits you but does no damage.
Something hits you but does no damage. Something hits you but does no damage.
Something hits you.
* * * LOW HITPOINT WARNING * * *
Something hits you.
* * * LOW HITPOINT WARNING * * *
Something hits you but does no damage. Something hits you.
* * * LOW HITPOINT WARNING * * *
Something hits you but does no damage. Something hits you.
* * * LOW HITPOINT WARNING * * *
Something hits you but does no damage. Something hits you!
You die...

#########.
#.........
#.#######. #.#
### #<# ##.## #@#
##...######.#
#...........#
###...########
#........########
#.##.###.........
# #.###...#####
#.##.#.......#
#............#


There were no monsters in sight!

Vanquished Creatures
  Grinder (D:5)
  2 hippogriffs
  Sigmund (D:5)
  Menkaure (D:5)
  An orc warrior (D:7)
  A necrophage (D:5)
  4 ogres
  A centaur (D:6)
  Blork the orc (D:6)
  6 bullfrogs
  6 scorpions
  2 howler monkeys
  A crimson imp (D:5)
  A quasit (D:5)
  4 hounds
  A gnoll shaman (D:5)
  An orc priest (D:5)
  3 jellies (D:7)
  4 orc wizards
  Jessica (D:2)
  Terence (D:3)
  5 worker ants
  Robin (D:4)
  11 gnolls
  6 adders
  2 shadow imps
  An ooze (D:6)
  2 adder skeletons
  A worm (D:3)
  3 dart slugs
  9 orcs
  5 bats
  5 giant cockroaches
  13 goblins
  10 hobgoblins
  8 jackals
  7 kobolds
  3 quokkas
  A frilled lizard (D:4)
  A jackal skeleton (D:7)
  4 rats
142 creatures vanquished.

Notes
Turn   | Place    | Note
-------+----------+-------------------------------------------
     0 | Abyss:1  | MisterFreud the Demonspawn Abyssal Knight began the quest
                  | for the Orb.
     0 | Abyss:1  | Reached XP level 1. HP: 18/18 MP: 2/2
    18 | D:1      | Escaped the Abyss
    69 | D:1      | Reached skill level 2 in Unarmed Combat
   307 | D:1      | Gained mutation: You are partially covered in slimy green
                  | scales. (AC +2) [demonic ancestry]
   307 | D:1      | Reached XP level 2. HP: 24/24 MP: 3/3
   833 | D:1      | Reached skill level 3 in Unarmed Combat
   977 | D:1      | Reached ** piety under Lugonu
  1296 | D:2      | Found a snail-covered altar of Cheibriados.
  1434 | D:2      | Gained mutation: Your flesh is cold resistant. (rC+)
                  | [demonic ancestry]
  1434 | D:2      | Reached XP level 3. HP: 12/29 MP: 4/4
  2481 | D:3      | Noticed Jessica
  2496 | D:2      | Killed Jessica
  2496 | D:2      | Reached skill level 4 in Unarmed Combat
  2496 | D:2      | Reached XP level 4. HP: 20/35 MP: 5/5
  2736 | D:3      | HP: 1/35 [poisoned by an adder]
  3375 | D:3      | Noticed Terence
  3394 | D:3      | Killed Terence
  3394 | D:3      | Reached skill level 5 in Unarmed Combat
  3394 | D:3      | Gained mutation: You have sharp toenails. [demonic
                  | ancestry]
  3394 | D:3      | Reached XP level 5. HP: 21/41 MP: 6/6
  3792 | D:4      | Found a blossoming altar of Fedhas.
  3830 | D:4      | HP: 2/41 [poisoned by a scorpion]
  3838 | D:4      | HP: 1/41 [poisoned by a scorpion]
  3962 | D:4      | HP: 2/41 [worker ant (4)]
  3965 | D:4      | Gained mutation: You are immune to freezing clouds.
                  | [demonic ancestry]
  3965 | D:4      | Reached XP level 6. HP: 3/47 MP: 7/7
  3969 | D:4      | HP: 2/70 [poisoned by a worker ant]
  3976 | D:4      | HP: 2/70 [poisoned by a worker ant]
  3984 | D:4      | HP: 2/70 [poisoned by a worker ant]
  4370 | D:4      | Reached skill level 6 in Unarmed Combat
  4370 | D:4      | Reached skill level 1 in Dodging
  4617 | D:4      | Noticed Robin
  5012 | D:5      | Entered Level 5 of the Dungeon
  5057 | D:5      | Gained mutation: You have razor-sharp toenails. [demonic
                  | ancestry]
  5057 | D:5      | Reached XP level 7. HP: 27/52 MP: 8/8
  5433 | D:5      | Noticed Grinder
  5450 | D:5      | Paralysed by Grinder for 3 turns
  5453 | D:5      | Killed Grinder
  5650 | D:5      | Found a shimmering altar of Xom.
  5651 | D:5      | Found an ornate altar of the Wu Jian Council.
  5663 | D:5      | Found a snail-covered altar of Cheibriados.
  5667 | D:5      | Found an iron altar of Okawaru.
  5819 | D:5      | Found a glowing golden altar of the Shining One.
  5870 | D:5      | Noticed Sigmund
  5936 | D:4      | Killed Robin
  5941 | D:4      | Reached *** piety under Lugonu
  6232 | D:5      | Noticed Menkaure
  6244 | D:5      | Killed Menkaure
  6244 | D:5      | Gained mutation: You sometimes gain a little power by
                  | taking damage. [demonic ancestry]
  6244 | D:5      | Reached XP level 8. HP: 7/60 MP: 9/9
  6862 | D:6      | Noticed Blork the orc
  6877 | D:5      | Killed Sigmund
  6877 | D:5      | Reached skill level 7 in Unarmed Combat
  6938 | D:6      | Reached skill level 5 in Fighting
  7065 | D:6      | Found a shadowy altar of Dithmenos.
  7163 | D:6      | Noticed a hippogriff
  7176 | D:6      | Killed Blork the orc
  7182 | D:6      | Killed a hippogriff
  7182 | D:6      | Reached skill level 8 in Unarmed Combat
  7242 | D:6      | Reached XP level 9. HP: 36/69 MP: 10/10
  7861 | D:6      | Reached skill level 1 in Shields
  8404 | D:7      | Got a distressingly furry ring mail
  8415 | D:7      | Identified the +10 ring mail "Arimesul" {rPois Regen+ MP+9}
                  | (You found it on level 7 of the Dungeon)
  8575 | D:7      | Reached skill level 9 in Unarmed Combat
  8753 | D:7      | Found a staircase to the Ecumenical Temple.
  8833 | D:7      | Reached **** piety under Lugonu
  9101 | D:7      | Found a sacrificial altar of Ru.
  9152 | Temple   | Entered the Ecumenical Temple
  9278 | D:8      | Slain by an unseen horror

Illustrated notes

Levels and vault maps discovered:
D:1:      co_arrival_random_square_maze, layout_basic
D:2:      layout_basic, marbit_many_paths
D:3:      layout_basic, serial_bayou_lagoon_b, uniq_jessica, uniq_terence
D:4:      wander_river, layout_cave_pools, fedhas_altar_1, uniq_robin
D:5:      layout_loops_ring, lemuel_crystal_altar,
          chequers_temple_overflow_statue_of_worship, first_ration,
          lemuel_altar_in_water2, uniq_sigmund, uniq_grinder, uniq_menkaure
D:6:      layout_rooms, grunt_dithmenos_smoke_and_mirrors, uniq_blork_the_orc
D:7:      layout_loops_ring, nicolae_ru_path_of_blood, minmay_temple_entry_tees,
          grunt_ogre_cave, minmay_chambers_of_fives
D:8:      layout_loops_ring, minivault_10
Temple:   nicolae_temple_god_jail

Skill      XL: |  1  2  3  4  5  6  7  8  9 |
---------------+----------------------------+-----
Unarmed Combat | 2 3 4 5 6 8 9 |  9.4
Dodging        | 2 4 |  4.0
Armour         | 3 4 |  4.0
Fighting       | 4 6 |  6.0
Shields        | 3 |  3.8
Invocations    | |  2.4

Action                   |  1- 3 |  4- 6 |  7- 9 || total
-------------------------+-------+-------+-------++-------
Melee: Unarmed           |   149 |   203 |   437 ||   789
       Punch             |     2 |     2 |     3 ||     7
       Kick              |       |    24 |   109 ||   133
Evoke: Wand              |       |     4 |     8 ||    12
  Use: Potion            |       |     4 |       ||     4
       Scroll            |       |     2 |    12 ||    14
 Stab: Sleeping          |     2 |       |       ||     2
  Eat: Chunk             |     5 |     4 |    14 ||    23
       Ration            |       |     1 |       ||     1
Armor: Leather armour    |    60 |    20 |       ||    80
       Scale mail        |       |     6 |       ||     6
       Skin              |       |     1 |       ||     1
       Plate armour      |       |   107 |   270 ||   377
       Ring mail         |       |       |    91 ||    91
Dodge: Dodged            |    92 |    77 |   123 ||   292
Block: Buckler           |       |       |    23 ||    23
